 Dungeon Crawl Stone Soup version 0.22.1-2-g9c5b331383 (webtiles) character file.

343 DildoBatman the Conjurer (level 6, 0/44 HPs)
             Began as a Formicid Wizard on Dec 9, 2018.
             Slain by an ogre
             ... wielding a +0 giant spiked club
              (20 damage)
             ... on level 3 of the Dungeon.
             The game lasted 00:09:44 (2640 turns).

DildoBatman the Conjurer (Formicid Wizard)          Turns: 2640, Time: 00:09:45

Health: 0/44       AC:  2    Str: 11    XL:     6   Next: 88%
Magic:  2/10       EV: 12    Int: 20    God:
Gold:   219        SH:  0    Dex:  9    Spells: 5/11 levels left

rFire    . . .     SeeInvis +   a - +0 spear (pierce)
rCold    . . .     Gourm    .   (no shield)
rNeg     . . .     Faith    .   o - +0 robe
rPois    .         Spirit   .   (helmet unavailable)
rElec    .         Reflect  .   (no cloak)
rCorr    .         Harm     .   (no gloves)
MR       .....                  (no boots)
Stlth    ++........             (no amulet)
HPRegen  0.14/turn              (no ring)
MPRegen  0.12/turn              (no ring)

@: very slightly contaminated
A: permanent stasis, dig shafts and tunnels, four strong arms, antennae 3
a: Dig, Shaft Self


You were on level 3 of the Dungeon.
You were not hungry.

You visited 1 branch of the dungeon, and saw 5 of its levels.

You collected 219 gold pieces.

Inventory:

Hand Weapons
 a - a +0 spear of piercing (weapon)
 f - a +3 whip
 z - a +0 halberd
 D - a +0 hunting sling
Missiles
 e - 168 stones (quivered)
 m - 17 poisoned needles
 n - 61 arrows
 t - 24 bolts
Armour
 o - a +0 robe (worn)
Wands
 y - a wand of enslavement (19)
 B - a wand of flame (8)
 E - a wand of disintegration (14)
Scrolls
 b - a scroll of random uselessness {unknown}
 c - a scroll of blinking {unknown}
 d - a scroll of teleportation {unknown}
 g - 2 scrolls of immolation
 i - a scroll of enchant weapon {unknown}
 k - 2 scrolls of remove curse
 p - 2 scrolls of identify {unknown}
 u - a scroll of enchant armour {unknown}
 A - a scroll of fog {unknown}
 C - a scroll of amnesia {unknown}
Potions
 h - 5 potions of curing {unknown}
 j - a potion of lignification {unknown}
 l - a potion of brilliance {unknown}
 q - a potion of degeneration {unknown}
 r - a potion of flight {unknown}
 s - a potion of might {unknown}
 w - a potion of heal wounds {unknown}
 x - a potion of resistance {unknown}
 F - a potion of agility {unknown}
 G - 2 potions of ambrosia {unknown}
Comestibles
 v - 5 rations
 H - 6 chunks of flesh


   Skills:
 * Level 1.9 Fighting
 - Level 2.0 Armour
 - Level 2.0 Dodging
 - Level 3.0 Stealth
 - Level 3.2 Spellcasting
 - Level 4.1 Conjurations
   Level 1.0 Summonings
   Level 0.8 Translocations
 * Level 1.4 Air Magic
 * Level 2.2 Poison Magic


You had 5 spell levels left.
You knew the following spells:

 Your Spells              Type           Power        Failure   Level  Hunger
a - Slow                  Hex            #.......     22%         2    ##.....
c - Magic Dart            Conj           ###.         2%          1    None
e - Mephitic Cloud        Conj/Pois/Air  ##......     14%         3    ###....

Your spell library contained the following spells:

 Spells                   Type           Power        Failure   Level  Hunger
 Call Imp                 Summ           #.......     14%         2    ##.....
 Conjure Flame            Conj/Fire      ##......     19%         3    ###....
 Blink                    Tloc           Unusable     N/A         2    N/A

Dungeon Overview and Level Annotations

Branches:
Dungeon (5/15)
 Temple: D:4-7

Altars:
Fedhas
Gozag

Annotations:
D:2 exclusion: oklob plant


Innate Abilities, Weirdness & Mutations

You cannot be hasted, slowed, berserked, paralysed or teleported.
You can dig through walls and to a lower floor.
Your four strong arms can wield two-handed weapons with a shield.
You have a pair of large antennae on your head. (SInv)


Message History

Press: ? - help, Dir - move target cursor, f/p - ogre
Aim: an ogre, wielding a giant spiked club (severely wounded, confused)
You reach to attack!
You hit the ogre.
The ogre is severely wounded.
Attack whom?
Press: ? - help, Dir - move target cursor, f/p - ogre
Aim: an ogre, wielding a giant spiked club (severely wounded, confused)
You reach to attack!
You strike the helpless ogre from behind!
You hit the ogre.
The ogre is almost dead.
You hit the ogre.
The ogre is almost dead.
You hit the ogre but do no damage.
The ogre is almost dead.
You hit the ogre but do no damage.
The ogre is almost dead.
The ogre hits you with a giant spiked club!!
You die...

########.#
#..{...=.#
#.########
#.# #.#
##### #####
#.# #...#
#..<#
#.###.#.#
#####.###
#.....#.#
#.....#
#######.#
#@##### #.#
#O#
#.#######.#
#.........#
###########


You could see an ogre (confused).

Vanquished Creatures
  An ogre (D:4)
  2 howler monkeys
  An iguana (D:4)
  A worker ant (D:4)
  4 gnolls (D:3)
  A shadow imp (D:4)
  An ooze (D:1)
  An adder skeleton (D:4)
  3 worms
  4 dart slugs
  3 giant cockroaches
  5 goblins
  7 hobgoblins
  3 jackals (D:1)
  2 ball pythons (D:3)
  8 bats
  6 frilled lizards
  12 kobolds
  7 rats
72 creatures vanquished.

Notes
Turn   | Place    | Note
-------+----------+-------------------------------------------
     0 | D:1      | DildoBatman the Formicid Wizard began the quest for the
                  | Orb.
     0 | D:1      | Reached XP level 1. HP: 13/13 MP: 4/4
    39 | D:1      | Reached skill level 1 in Conjurations
   171 | D:1      | Reached XP level 2. HP: 14/19 MP: 0/6
   224 | D:1      | Reached skill level 2 in Conjurations
   466 | D:1      | Reached XP level 3. HP: 10/24 MP: 0/7
   470 | D:1      | Learned a level 2 spell: Slow
   474 | D:1      | Learned a level 3 spell: Mephitic Cloud
  1025 | D:1      | Reached skill level 3 in Conjurations
  1161 | D:1      | Reached XP level 4. HP: 24/30 MP: 0/8
  1490 | D:2      | Found a blossoming altar of Fedhas.
  1508 | D:2      | Noticed an oklob plant
  1813 | D:2      | Reached skill level 4 in Conjurations
  1813 | D:2      | Reached XP level 5. HP: 29/35 MP: 1/9
  2330 | D:3      | You fall through a shaft for 2 floors!
  2330 | D:5      | Entered Level 5 of the Dungeon
  2356 | D:4      | Reached skill level 1 in Armour
  2356 | D:4      | Reached skill level 1 in Poison Magic
  2356 | D:4      | Reached XP level 6. HP: 42/42 MP: 2/10
  2373 | D:4      | Reached skill level 1 in Fighting
  2376 | D:4      | Reached skill level 1 in Air Magic
  2443 | D:4      | Found an opulent altar of Gozag.
  2470 | D:4      | Noticed an ogre
  2492 | D:4      | Killed an ogre
  2556 | D:3      | Noticed an ogre
  2640 | D:3      | Slain by an ogre

Skill      XL: |  1  2  3  4  5  6 |
---------------+-------------------+-----
Conjurations   | 1 2 3 4 |  4.1
Armour         | 1 2 |  2.0
Dodging        | 2 |  2.0
Poison Magic   | 1 2 |  2.2
Fighting       | 1 |  1.9
Stealth        | 3 |  3.0
Air Magic      | 1 |  1.4
Spellcasting   | |  3.2
Summonings     | |  1.0
Translocations | |  0.8

Action                   |  1- 3 |  4- 6 || total
-------------------------+-------+-------++-------
Melee: Unarmed           |    28 |       ||    28
       Dagger            |    23 |       ||    23
       Spear             |    12 |    94 ||   106
 Cast: Magic Dart        |    78 |    71 ||   149
       Mephitic Cloud    |       |     9 ||     9
 Abil: Dig               |     3 |     4 ||     7
  Use: Scroll            |     1 |     1 ||     2
 Stab: Confused          |       |    12 ||    12
  Eat: Chunk             |     1 |     6 ||     7
Armor: Robe              |    18 |    11 ||    29
Dodge: Dodged            |    89 |    30 ||   119
